Map: [ESL] Alcyone

Players

Astrea - Winner!

  • Race: Protoss Protoss
  • Spawn Location: 1:00

Kelazhur

  • Race: Terran Terran
  • Spawn Location: 7:00

Event: IEM Katowice 2024

VOD

Have the link to the VOD?

Description

Time

  • Played on: Feb. 8, 2024, 12:24 p.m.
  • Length: 8:18

All games in this series

Show
View Real Time Build Order
Export as new Build Order

Astrea Protoss - Winner!

Build Orders: 1 Gate Expand, Oracle Opening 

Get SALT Encoding   

  12  0:00  Probe  
  13  0:12  Probe  
  14  0:17  Pylon  
  14  0:24  Probe (Chrono Boost)  
  16  0:36  Probe (Chrono Boost)  
  16  0:38  Gateway  
  16  0:43  Probe (Chrono Boost)  
  16  0:47  Assimilator  
  17  0:52  Probe  
  19  1:04  Probe  
  19  1:16  Probe  
  20  1:23  Nexus  
  20  1:32  Cybernetics Core  
  20  1:36  Probe  
  21  1:41  Assimilator  
  21  1:48  Probe  
  21  1:51  Pylon  
  22  2:00  Probe  
  23  2:06  Adept (Chrono Boost)  
  23  2:08  Warp Gate  
  23  2:12  Probe  
  23  2:13  Pylon  
  26  2:24  Probe  
  26  2:26  Adept (Chrono Boost)  
  29  2:36  Probe  
  31  2:37  Stargate  
  31  2:40  Probe  
  31  2:48  Probe  
  31  2:49  Adept  
  34  2:54  Probe  
  35  3:00  Probe  
  36  3:06  Probe  
  38  3:12  Probe  
  38  3:18  Oracle (Chrono Boost), Probe  
  38  3:25  Probe  
  42  3:27  Robotics Facility  
  42  3:31  Assimilator, Probe  
  42  3:33  Assimilator  
  43  3:37  Probe  
  44  3:43  Probe  
  44  3:46  Pylon  
  45  3:49  Probe  
  45  3:51  Oracle (Chrono Boost)  
  45  3:55  Probe  
  50  4:01  Probe  
  51  4:04  Gateway  
  51  4:05  Pylon  
  51  4:07  Probe  
  52  4:13  Probe  
  53  4:19  Probe  
  53  4:21  Oracle (Chrono Boost)  
  57  4:25  Probe  
  56  4:31  Probe  
  56  4:37  Probe  
  60  4:38  Immortal  
  60  4:43  Probe  
  61  4:49  Oracle (Chrono Boost), Probe  
  63  4:54  Stalker  
  63  4:55  Probe  
  59  5:01  Probe  
  60  5:07  Probe  
  60  5:10  Stalker  
  60  5:13  Probe  
  64  5:19  Probe  
  65  5:24  Robotics Bay  
  65  5:25  Probe  
  66  5:32  Probe  
  61  5:38  Probe  
  63  5:50  Probe  
  63  5:53  Immortal (Chrono Boost)  
  63  5:55  Gateway  
  63  5:56  Gateway  
  67  5:58  Gateway  
  67  5:59  Gateway x2  
  67  6:03  Sentry  
  67  6:04  Gateway  
  67  6:23  Sentry, Pylon  
  67  6:24  Pylon  
  69  6:27  Warp Prism x2 (Chrono Boost)  
  70  6:36  Pylon  
  70  6:45  Sentry  
  70  6:46  Sentry  
  74  6:49  Observer (Chrono Boost)  
  75  7:03  Stalker x6  
  87  7:11  Stalker x2  
  91  7:30  Adept  
  91  7:32  Pylon  
  91  7:33  Pylon x2  
  90  7:49  Adept x3  
  94  7:52  Adept x5  
  102  8:10  Adept x3  
  108  8:15  Stalker x3  
Show
View Real Time Build Order
Export as new Build Order

Kelazhur Terran 

Build Orders: Reaper Expand 

Get SALT Encoding   

  12  0:00  SCV  
  13  0:12  SCV  
  14  0:16  Supply Depot  
  14  0:24  SCV  
  15  0:38  SCV  
  15  0:40  Barracks  
  16  0:42  Refinery  
  16  0:50  SCV  
  17  1:02  SCV  
  18  1:14  SCV  
  19  1:28  Orbital Command, Reaper  
  20  1:45  Command Center  
  20  1:52  Supply Depot  
  20  1:54  SCV  
  20  2:00  Marine  
  22  2:08  Factory  
  22  2:10  SCV  
  23  2:17  Refinery  
  23  2:21  Barracks Reactor  
  23  2:22  SCV  
  24  2:34  SCV  
  25  2:37  Barracks  
  25  2:46  SCV  
  26  2:56  Widow Mine  
  29  2:58  Marine x2, SCV  
  29  2:59  Starport  
  31  3:10  Orbital Command  
  31  3:16  SCV  
  31  3:17  Marine  
  31  3:18  Marine  
  34  3:21  Widow Mine  
  34  3:26  Barracks Tech Lab  
  36  3:28  SCV  
  36  3:33  Orbital Command  
  37  3:37  Medivac  
  37  3:39  SCV  
  37  3:40  SCV  
  40  3:45  Stimpack  
  40  3:46  Marine  
  41  3:52  SCV  
  41  3:55  Supply Depot  
  44  4:01  SCV  
  45  4:04  SCV  
  44  4:14  SCV  
  44  4:16  Command Center  
  45  4:18  Marine x2  
  45  4:20  Marine  
  45  4:22  SCV  
  47  4:27  SCV  
  47  4:34  SCV  
  47  4:36  Medivac, Marine x2  
  51  4:39  SCV  
  51  4:44  Supply Depot  
  50  4:46  SCV  
  50  4:47  Marine  
  50  4:51  SCV  
  49  4:54  Marine x2  
  49  4:59  Widow Mine, SCV  
  52  5:03  SCV  
  52  5:05  Marine  
  47  5:11  SCV  
  47  5:12  Marine  
  47  5:13  Viking  
  46  5:16  SCV  
  42  5:23  SCV  
  42  5:26  Marine  
  44  5:28  SCV  
  44  5:30  SCV  
  44  5:35  SCV  
  47  5:36  Marine  
  47  5:39  Marine  
  44  5:43  Viking  
  44  5:44  SCV  
  46  5:50  Orbital Command  
  46  5:53  SCV  
  47  5:58  Combat Shield  
  47  6:00  SCV  
  47  6:03  Marine x3  
  51  6:05  SCV  
  52  6:12  SCV  
  52  6:16  SCV  
  52  6:18  SCV  
  55  6:21  Marine  
  55  6:23  Marine x2  
  55  6:24  Factory Tech Lab, SCV, Engineering Bay  
  59  6:28  SCV  
  59  6:30  SCV, Engineering Bay  
  61  6:36  SCV  
  61  6:38  Bunker, Supply Depot  
  62  6:40  SCV  
  62  6:42  Siege Tank, SCV  
  62  6:46  Supply Depot  
  67  6:47  Marine x2  
  69  6:54  Supply Depot  
  69  6:55  Marine  
  69  6:56  SCV  
  69  6:58  SCV x2  
  69  7:01  Starport Reactor  
  69  7:05  Barracks  
  69  7:12  Missile Turret  
  69  7:13  Missile Turret, SCV  
  71  7:15  SCV x2  
  71  7:17  Marine  
  73  7:25  SCV  
  73  7:26  Siege Tank  
  73  7:28  SCV  
  76  7:31  Marine x2  
  76  7:32  SCV  
  76  7:35  Marine  
  79  7:37  Orbital Command, Medivac  
  79  7:39  SCV  
  82  7:46  Barracks  
  82  7:49  Marine  
  82  7:55  Marine  
  82  7:57  SCV  

Tags
 
Add a new tag
Caveats
  • Supply blocks, unpowered buildings, or Contaminate may cause inaccurate times.
  • Supply counts are checked every 10 seconds.